CAL (WIN)
POTOMAC NATIONALS @ TAMPA YANKEES
12/12/2049
 
TOP OF THE 1ST
Potomac Nationals batting - Pitching for Tampa Yankees : RHP Willie Perez
Pitching: RHP Willie Perez
Batting: SHB Nolan Carew 0-0: Ball
1-0: Called Strike
1-1: Called Strike
1-2: Ball
2-2: Ball
3-2: Foul Ball, location: 7LDF
3-2: Foul Ball, location: 5F
3-2: DOUBLE (Line Drive, 89D, EV 108.1 MPH)
Batting: RHB Aaron Bateman 0-0: Called Strike
Nolan Carew steals 3rd base (no throw)
0-1: Ball
1-1: Ball
2-1: Fly out, F7 (Line Drive, 7, EV 84.4 MPH)
Runner from 3rd tags up, SCORES, throw by LF
Batting: RHB Nate Dickinson 0-0: Ball
1-0: Called Strike
1-1: Ball
2-1: Ground out 6-3 (Groundball, 6M, EV 65.0 MPH)
Batting: RHB Kenny Ball 0-0: Ground out 5-3 (Groundball, 56, EV 88.1 MPH)
Top of the 1st over - 1 run, 1 hit, 0 errors, 0 left on base; Potomac 1 - Tampa 0
BOTTOM OF THE 1ST
Tampa Yankees batting - Pitching for Potomac Nationals : LHP Ed Thorpe Jr.
Pitching: LHP Ed Thorpe Jr.
Batting: LHB Ernesto Abreu 0-0: Foul Ball, location: 7LMF
0-1: Ball
1-1: Ball
2-1: Ball
3-1: Swinging Strike
3-2: Base on Balls
Batting: RHB Mike Zern 0-0: Called Strike
Ernesto Abreu steals 2nd base
0-1: Swinging Strike
0-2: Ball
1-2: Strikes out looking
Batting: RHB Jeff McClellan 0-0: Foul Ball, location: 2F
0-1: Ball
Ernesto Abreu steals 3rd base
1-1: Swinging Strike
1-2: Ball
2-2: Strikes out swinging
Batting: LHB Jeremiah Walker 0-0: Swinging Strike
0-1: Foul Ball, location: 2F
0-2: Ball
1-2: Ball
2-2: Ball
3-2: Strikes out swinging
Bottom of the 1st over - 0 runs, 0 hits, 0 errors, 1 left on base; Potomac 1 - Tampa 0
TOP OF THE 2ND
Potomac Nationals batting - Pitching for Tampa Yankees : RHP Willie Perez
Batting: RHB Hun-hyeon Kym 0-0: Ball
1-0: Ground out 6-3 (Groundball, 6, EV 86.3 MPH)
Batting: RHB Rudolph Lentz 0-0: Ball
1-0: Ball
2-0: Ball
3-0: Called Strike
3-1: Called Strike
3-2: Base on Balls
Batting: SHB Jose Melendez 0-0: Swinging Strike
0-1: Foul Ball, location: 2F
0-2: Strikes out swinging
Batting: RHB Jelexiz Cuenca 0-0: Ground out 4-3 (Groundball, 34S, EV 83.8 MPH)
Top of the 2nd over - 0 runs, 0 hits, 0 errors, 1 left on base; Potomac 1 - Tampa 0
BOTTOM OF THE 2ND
Tampa Yankees batting - Pitching for Potomac Nationals : LHP Ed Thorpe Jr.
Batting: RHB Michael Patterson 0-0: Ball
1-0: Called Strike
1-1: Called Strike
1-2: Strikes out swinging
Batting: LHB Andrew Davis 0-0: Ball
1-0: Called Strike
1-1: Called Strike
1-2: Ball
2-2: Strikes out swinging
Batting: RHB Bryan Massey 0-0: Ball
1-0: Swinging Strike
1-1: Swinging Strike
1-2: Strikes out swinging
Bottom of the 2nd over - 0 runs, 0 hits, 0 errors, 0 left on base; Potomac 1 - Tampa 0
TOP OF THE 3RD
Potomac Nationals batting - Pitching for Tampa Yankees : RHP Willie Perez
Batting: RHB Franklin Ortega 0-0: Ball
1-0: Swinging Strike
1-1: Ball
2-1: Ground out 6-3 (Groundball, 4M, EV 88.8 MPH)
Batting: SHB Nolan Carew 0-0: Called Strike
0-1: Ball
1-1: Ball
2-1: Swinging Strike
2-2: Strikes out swinging
Batting: RHB Aaron Bateman 0-0: Ball
1-0: Foul Ball, location: 5SF
1-1: Foul Ball, location: 2F
1-2: Ball
2-2: Fly out, F9 (Flyball, 9, EV 86.9 MPH)
Top of the 3rd over - 0 runs, 0 hits, 0 errors, 0 left on base; Potomac 1 - Tampa 0
BOTTOM OF THE 3RD
Tampa Yankees batting - Pitching for Potomac Nationals : LHP Ed Thorpe Jr.
Batting: LHB Marc Durgin 0-0: Ball
1-0: Foul Ball, location: 5SF
1-1: Called Strike
1-2: Ball
2-2: Strikes out swinging
Batting: RHB Louwe Starmans 0-0: Ball
1-0: Ball
2-0: Foul Ball, location: 2F
2-1: Ball
3-1: Called Strike
3-2: Base on Balls
Batting: LHB Ernesto Abreu 0-0: Fielders Choice at 2nd, 3-6 (Groundball, 13, EV 86.3 MPH)
Batting: RHB Mike Zern 0-0: Ball
Ernesto Abreu steals 2nd base
1-0: Swinging Strike
1-1: Ball
2-1: Called Strike
2-2: Ball
3-2: Strikes out swinging
Bottom of the 3rd over - 0 runs, 0 hits, 0 errors, 1 left on base; Potomac 1 - Tampa 0
TOP OF THE 4TH
Potomac Nationals batting - Pitching for Tampa Yankees : RHP Willie Perez
Batting: RHB Nate Dickinson 0-0: Called Strike
0-1: Swinging Strike
0-2: Ball
1-2: Foul Ball, location: 5F
1-2: Ball
2-2: Fly out, F7 (Flyball, 7, EV 93.8 MPH)
Batting: RHB Kenny Ball 0-0: Ball
1-0: Ball
2-0: Foul Ball, location: 2F
2-1: Foul Ball, location: 2F
2-2: Ball
3-2: Ground out 6-3 (Groundball, 6, EV 106.3 MPH)
Batting: RHB Hun-hyeon Kym 0-0: Swinging Strike
0-1: Ground out 6-3 (Groundball, 6, EV 78.1 MPH)
Top of the 4th over - 0 runs, 0 hits, 0 errors, 0 left on base; Potomac 1 - Tampa 0
BOTTOM OF THE 4TH
Tampa Yankees batting - Pitching for Potomac Nationals : LHP Ed Thorpe Jr.
Batting: RHB Jeff McClellan 0-0: Called Strike
0-1: Ball
1-1: Ground out 3-1 (Groundball, 34S, EV 86.9 MPH)
Batting: LHB Jeremiah Walker 0-0: Called Strike
0-1: Called Strike
0-2: Strikes out swinging
Batting: RHB Michael Patterson 0-0: Ball
1-0: Swinging Strike
1-1: Called Strike
1-2: Foul Ball, location: 5F
1-2: Strikes out swinging
Bottom of the 4th over - 0 runs, 0 hits, 0 errors, 0 left on base; Potomac 1 - Tampa 0
TOP OF THE 5TH
Potomac Nationals batting - Pitching for Tampa Yankees : RHP Willie Perez
Batting: RHB Rudolph Lentz 0-0: Foul Ball, location: 9LMF
0-1: Ground out 5-3 (Groundball, 56, EV 78.1 MPH)
Batting: SHB Jose Melendez 0-0: Ball
1-0: Ball
2-0: Called Strike
2-1: Ball
3-1: Foul Ball, location: 3DF
3-2: Foul Ball, location: 3SF
3-2: Ground out 6-3 (Groundball, 6, EV 83.8 MPH)
Batting: RHB Jelexiz Cuenca 0-0: Ball
1-0: Ball
2-0: Foul Ball, location: 9LSF
2-1: Ball
3-1: Foul Ball, location: 2F
3-2: Strikes out swinging
Top of the 5th over - 0 runs, 0 hits, 0 errors, 0 left on base; Potomac 1 - Tampa 0
BOTTOM OF THE 5TH
Tampa Yankees batting - Pitching for Potomac Nationals : LHP Ed Thorpe Jr.
Batting: LHB Andrew Davis 0-0: Ball
1-0: Ball
2-0: Foul Ball, location: 7LDF
2-1: Swinging Strike
2-2: Strikes out looking
Batting: RHB Bryan Massey 0-0: Called Strike
0-1: SINGLE (Line Drive, 3D, EV 96.3 MPH)
Batting: LHB Marc Durgin 0-0: Called Strike
0-1: Ball
1-1: Called Strike
1-2: SINGLE (Line Drive, 78M, EV 100.6 MPH)
Bryan Massey to second
Batting: RHB Louwe Starmans 0-0: Ball
1-0: Called Strike
1-1: Ball
2-1: Ball
3-1: Base on Balls
Bryan Massey to third
Marc Durgin to second
Batting: LHB Ernesto Abreu 0-0: Ball
1-0: Foul Ball, location: 2F
1-1: Foul Ball, location: 7LSF
1-2: Ball
2-2: SINGLE (Groundball, 34D, EV 105.0 MPH)
Bryan Massey scores
Marc Durgin to third
Louwe Starmans to second
Runner from 3rd tries for Home, SAFE, throw by RF to home
Pitching: RHP Omar Perez
Batting: RHB Mike Zern 0-0: Swinging Strike
0-1: DOUBLE (Line Drive, 9LM, EV 94.4 MPH)
Louwe Starmans scores
Ernesto Abreu to third
Runner from 3rd tries for Home, SAFE, no throw by RF
Batting: RHB Jeff McClellan 0-0: Ball
1-0: Ball
2-0: Ball
3-0: Called Strike
3-1: Ground out 6-3 (Groundball, 6, EV 101.3 MPH)
Batting: LHB Jeremiah Walker 0-0: Ball
1-0: Foul Ball, location: 7LMF
1-1: Ball
2-1: Ball
3-1: TRIPLE (Groundball, 3L, EV 100.0 MPH)
Mike Zern scores
Batting: RHB Michael Patterson 0-0: Swinging Strike
0-1: Foul Ball, location: 5F
0-2: Foul Ball, location: 2F
0-2: Ball
1-2: Strikes out swinging
Bottom of the 5th over - 5 runs, 5 hits, 0 errors, 1 left on base; Potomac 1 - Tampa 5
TOP OF THE 6TH
Potomac Nationals batting - Pitching for Tampa Yankees : RHP Willie Perez
Batting: RHB Franklin Ortega 0-0: Foul Ball, location: 25F
0-1: Swinging Strike
0-2: DOUBLE (Line Drive, 9LD, EV 108.8 MPH)
Batting: SHB Nolan Carew 0-0: Ball
1-0: Foul Ball, location: 9LMF
1-1: Ball
2-1: Called Strike
2-2: Foul Ball, location: 2F
2-2: Ball
3-2: Strikes out swinging
Batting: RHB Aaron Bateman 0-0: Ball
1-0: Called Strike
1-1: Ball
2-1: Swinging Strike
2-2: SINGLE (Groundball, 4MD, EV 101.3 MPH)
Franklin Ortega to third
Runner from 3rd tries for Home, SAFE, throw by CF to home
Batting: RHB Nate Dickinson 0-0: Called Strike
0-1: Foul Ball, location: 9LMF
0-2: 2-RUN HOME RUN (Flyball, 7D, EV 98.8 MPH), Distance : 392 ft
Batting: RHB Kenny Ball 0-0: Ball
1-0: Ground out 5-3 (Groundball, 56, EV 95.0 MPH)
Batting: RHB Hun-hyeon Kym 0-0: SINGLE (Line Drive, 6MD, EV 66.9 MPH)
Batting: RHB Rudolph Lentz 0-0: Ball
1-0: Ball
2-0: Ball
3-0: Called Strike
3-1: Base on Balls
Hun-hyeon Kym to second
Batting: SHB Jose Melendez 0-0: Ball
1-0: Ball
2-0: Called Strike
2-1: Swinging Strike
2-2: Foul Ball, location: 2F
2-2: Foul Ball, location: 5DF
2-2: Strikes out looking
Top of the 6th over - 3 runs, 4 hits, 0 errors, 2 left on base; Potomac 4 - Tampa 5
BOTTOM OF THE 6TH
Tampa Yankees batting - Pitching for Potomac Nationals : RHP Omar Perez
Batting: LHB Andrew Davis 0-0: Called Strike
0-1: Foul Ball, location: 2F
0-2: Ball
1-2: Strikes out looking
Batting: RHB Bryan Massey 0-0: Ball
1-0: Ball
2-0: Ball
3-0: Called Strike
3-1: SINGLE (Groundball, 4MD, EV 98.8 MPH)
Batting: LHB Marc Durgin 0-0: Ball
1-0: Ball
2-0: Ball
3-0: Called Strike
3-1: Base on Balls
Bryan Massey to second
Batting: RHB Louwe Starmans 0-0: Foul Ball, location: 5F
0-1: Ground out 5-3 (Groundball, 56S, EV 65.6 MPH)
Bryan Massey to third
Marc Durgin to second
Batting: LHB Ernesto Abreu 0-0: 3-RUN HOME RUN (Flyball, 78XD, EV 111.3 MPH), Distance : 425 ft
Pitching: LHP Mike Montgomery
Batting: RHB Mike Zern 0-0: Called Strike
0-1: Swinging Strike
0-2: Strikes out swinging
Bottom of the 6th over - 3 runs, 2 hits, 0 errors, 0 left on base; Potomac 4 - Tampa 8
TOP OF THE 7TH
Potomac Nationals batting - Pitching for Tampa Yankees : RHP Willie Perez
Pitching: LHP Nick Hamlin
Batting: RHB Jelexiz Cuenca 0-0: Ball
1-0: Foul Ball, location: 9LSF
1-1: Foul Ball, location: 7LMF
1-2: Ball
2-2: Ball
3-2: Strikes out swinging
Batting: RHB Franklin Ortega 0-0: Called Strike
0-1: Called Strike
0-2: Foul Ball, location: 23F
0-2: Strikes out swinging
Batting: SHB Nolan Carew 0-0: Swinging Strike
0-1: Hit by Pitch
Batting: RHB Aaron Bateman 0-0: Called Strike
0-1: Ball
Passed Ball!
Nolan Carew to second
1-1: Ball
2-1: Ball
3-1: Base on Balls
Batting: RHB Nate Dickinson 0-0: Ball
1-0: Ball
2-0: Called Strike
2-1: Swinging Strike
2-2: Foul Ball, location: 2F
2-2: Strikes out looking
Top of the 7th over - 0 runs, 0 hits, 0 errors, 2 left on base; Potomac 4 - Tampa 8
BOTTOM OF THE 7TH
Tampa Yankees batting - Pitching for Potomac Nationals : LHP Mike Montgomery
Batting: RHB Jeff McClellan 0-0: Ball
1-0: Hit by Pitch
Batting: LHB Jeremiah Walker 0-0: Called Strike
0-1: Swinging Strike
0-2: Ball
1-2: Ball
2-2: Fielders Choice at 2nd, 1-6 (Groundball, 13S, EV 58.1 MPH)
Batting: RHB Michael Patterson 0-0: Foul Ball, location: 2LF
0-1: Called Strike
0-2: Fly out, F7 (Line Drive, 7S, EV 97.5 MPH)
Batting: LHB Andrew Davis 0-0: Swinging Strike
0-1: Called Strike
0-2: Strikes out swinging
Bottom of the 7th over - 0 runs, 0 hits, 0 errors, 1 left on base; Potomac 4 - Tampa 8
TOP OF THE 8TH
Potomac Nationals batting - Pitching for Tampa Yankees : LHP Nick Hamlin
Batting: RHB Kenny Ball 0-0: Called Strike
0-1: Called Strike
0-2: Ball
1-2: Ball
2-2: Foul Ball, location: 3DF
2-2: Ball
3-2: Base on Balls
Batting: RHB Hun-hyeon Kym 0-0: Ball
1-0: Ball
2-0: Foul Ball, location: 9LSF
2-1: Foul Ball, location: 9LSF
2-2: Foul Ball, location: 2F
2-2: SINGLE (Groundball, 4MD, EV 101.3 MPH)
Kenny Ball to second
Pitching: RHP Bobby McDonnell
Pinch Hitting: LHB Chance McWilliams 0-0: Ball
1-0: Called Strike
1-1: Swinging Strike
1-2: Ball
2-2: Ball
3-2: Strikes out swinging
Pinch Hitting: RHB Leo Gutierrez 0-0: Ball
1-0: Called Strike
1-1: Called Strike
1-2: Fly out, F8 (Flyball, 8LD, EV 93.8 MPH)
Pinch Hitting: LHB Diego Gutierres 0-0: Ball
1-0: Ball
2-0: Called Strike
2-1: SINGLE (Flyball, 8RS, EV 87.5 MPH)
Kenny Ball to third
Hun-hyeon Kym to second
Runner from 3rd tries for Home, SAFE, throw by CF to home
Pinch Hitting: SHB Fernando Fundora 0-0: Foul Ball, location: 5F
0-1: Fly out, F8 (Flyball, 8LD, EV 98.8 MPH)
Top of the 8th over - 1 run, 2 hits, 0 errors, 2 left on base; Potomac 5 - Tampa 8
BOTTOM OF THE 8TH
Tampa Yankees batting - Pitching for Potomac Nationals : LHP Mike Montgomery
Now at 3B: Bobby Bricker
Now at SS: Steve Boice
Now in LF: Chance McWilliams
Now in CF: Nate Dickinson
Now in RF: Leo Gutierrez
Batting: RHB Bryan Massey 0-0: Ball
1-0: Fly out, F7 (Flyball, 7D, EV 107.5 MPH)
Batting: LHB Marc Durgin 0-0: Ball
1-0: Ball
2-0: Ball
3-0: Called Strike
3-1: Base on Balls
Batting: RHB Louwe Starmans 0-0: Ball
1-0: Called Strike
1-1: Ball
2-1: Fly out, F9 (Flyball, 9LM, EV 85.0 MPH)
Batting: LHB Ernesto Abreu 0-0: Called Strike
Marc Durgin steals 2nd base
0-1: Fly out, F8 (Flyball, 8LD, EV 91.9 MPH)
Bottom of the 8th over - 0 runs, 0 hits, 0 errors, 1 left on base; Potomac 5 - Tampa 8
TOP OF THE 9TH
Potomac Nationals batting - Pitching for Tampa Yankees : RHP Bobby McDonnell
Batting: SHB Nolan Carew 0-0: Foul Ball, location: 7LSF
0-1: Swinging Strike
0-2: Foul Ball, location: 7LDF
0-2: Foul Ball, location: 2F
0-2: Ball
1-2: Strikes out looking
Batting: RHB Aaron Bateman 0-0: Ground out 6-3 (Groundball, 56, EV 80.0 MPH)
Batting: RHB Nate Dickinson 0-0: Ball
1-0: SINGLE (Line Drive, 7S, EV 95.0 MPH)
Batting: RHB Kenny Ball 0-0: Swinging Strike
0-1: Ball
1-1: Swinging Strike
1-2: Foul Ball, location: 3FF
1-2: Strikes out swinging
Top of the 9th over - 0 runs, 1 hit, 0 errors, 1 left on base; Potomac 5 - Tampa 8
Sunday, July 16th , 2023 - OOTP Baseball 24.6 Build 69